[ AOE2 MATCH · #505583481 ]
UnrankedMalians vs Romans
[ REPLAY ANALYSIS · EXTRACTED FROM THE RECORDED GAME ]
Feudal
11:30
Castle
18:36
Imperial
40:50
| APM avg | 14.6 |
| APM peak | 38 |
| eAPM avg | 12.1 |
| Villagers / military | 122 / 224 |
Focus
⚔️ 31.8% · 🌾 68.2%
Gbeto ×124 · Camel Scout ×45 · Scout Cavalry ×35 · Trade Cart ×12 · Knight ×10 · Scorpion ×7
Feudal
10:35
Castle
23:18
Imperial
36:57
| APM avg | 18.0 |
| APM peak | 37 |
| eAPM avg | 10.6 |
| Villagers / military | 109 / 100 |
Focus
⚔️ 23.7% · 🌾 76.3%
Scorpion ×69 · Centurion ×20 · Knight ×5 · Mangonel ×5 · Trebuchet (Packed) ×1
Feudal
10:46
Castle
27:55
Imperial
38:49
| APM avg | 26.1 |
| APM peak | 58 |
| eAPM avg | 15.4 |
| Villagers / military | 145 / 220 |
Focus
⚔️ 38.8% · 🌾 61.2%
Serjeant ×174 · Skirmisher ×29 · Spearman ×9 · Militia ×3 · Trebuchet (Packed) ×3 · Monk ×2
Feudal
9:19
Castle
18:19
Imperial
—
| APM avg | 6.6 |
| APM peak | 42 |
| eAPM avg | 4.6 |
| Villagers / military | 50 / 0 |
Focus
⚔️ 9.9% · 🌾 90.1%
Fishing Ship ×3
Feudal
11:19
Castle
16:36
Imperial
38:54
| APM avg | 26.6 |
| APM peak | 80 |
| eAPM avg | 14.0 |
| Villagers / military | 91 / 110 |
Focus
⚔️ 34.7% · 🌾 65.3%
Mangudai ×67 · Scout Cavalry ×36 · Trebuchet (Packed) ×6 · Monk ×1
Feudal
14:36
Castle
24:31
Imperial
35:17
| APM avg | 10.2 |
| APM peak | 25 |
| eAPM avg | 7.5 |
| Villagers / military | 101 / 188 |
Focus
⚔️ 26.1% · 🌾 73.9%
Knight ×112 · Scout Cavalry ×67 · Trebuchet (Packed) ×9
Feudal
11:48
Castle
20:03
Imperial
38:29
| APM avg | 17.2 |
| APM peak | 51 |
| eAPM avg | 9.3 |
| Villagers / military | 120 / 130 |
Focus
⚔️ 28.7% · 🌾 71.3%
Skirmisher ×65 · Spearman ×51 · Unknown (1908) ×33 · Unknown (1911) ×19 · Battering Ram ×7 · Bombard Cannon ×5
Feudal
9:06
Castle
20:37
Imperial
43:56
| APM avg | 24.8 |
| APM peak | 70 |
| eAPM avg | 17.0 |
| Villagers / military | 144 / 238 |
Focus
⚔️ 28.3% · 🌾 71.7%
Elephant Archer ×119 · Spearman ×49 · Urumi Swordsman ×47 · Fishing Ship ×13 · Bombard Cannon ×10 · Trade Cart ×7
Match map
Initial resources + every placement click. Lines = walls · curves = elevation contours. ◆ gold · ⬟ stone · ● berries · ✦ relic · ◌ wall gap
Your base· ✓ Map-separated
phihanoi's base· ✓ Map-separated
Apple's base· ✓ Map-separated
alancazu's base· ✓ Map-separated
vitavidal91's base· ✓ Map-separated
BlackKnight_01's base· ✓ Map-separated
LeonGamer7u7's base· ✓ Map-separated
GuilleLeopold17's base· ✓ Map-separated
Smoothed initial terrain · ◌ = detected wall gap · hover for details
Inputs per minute
— felipegarcia92 - - phihanoi
Build order — felipegarcia92
First 150 of 401 actions detected
| 0:03 | Queue | Villager (Male) |
| 0:04 | Queue | Villager (Male) |
| 0:04 | Queue | Villager (Male) |
| 0:05 | Queue | Villager (Male) |
| 0:07 | Build | House |
| 0:10 | Build | House |
| 1:31 | Queue | Villager (Male) |
| 1:57 | Queue | Villager (Male) |
| 2:34 | Queue | Villager (Male) |
| 2:34 | Queue | Villager (Male) |
| 3:05 | Queue | Villager (Male) |
| 3:19 | Queue | Villager (Male) |
| 3:33 | Build | House |
| 3:39 | Build | Mill |
| 3:54 | Queue | Villager (Male) |
| 4:16 | Queue | Villager (Male) |
| 4:50 | Queue | Villager (Male) |
| 5:13 | Build | Lumber Camp |
| 5:18 | Queue | Villager (Male) |
| 5:19 | Queue | Villager (Male) |
| 5:39 | Queue | Villager (Male) |
| 5:39 | Queue | Villager (Male) |
| 5:39 | Queue | Villager (Male) |
| 5:57 | Build | House |
| 6:10 | Queue | Villager (Male) |
| 6:11 | Queue | Villager (Male) |
| 6:11 | Queue | Villager (Male) |
| 6:45 | Queue | Villager (Male) |
| 7:31 | Queue | Villager (Male) |
| 7:59 | Queue | Villager (Male) |
| 8:04 | Build | Mining Camp |
| 8:09 | Queue | Villager (Male) |
| 9:20 | Research | Feudal Age |
| 10:29 | Build | Farm |
| 10:29 | Build | Farm |
| 10:30 | Build | Farm |
| 10:30 | Build | Farm |
| 10:30 | Build | Farm |
| 10:31 | Build | Farm |
| 10:31 | Build | Farm |
| 10:32 | Build | Farm |
| 10:48 | Build | Farm |
| 11:02 | Build | Farm |
| 11:14 | Build | House |
| 11:22 | Build | Barracks |
| 11:28 | Research | Loom |
| 11:30 | Age | Feudal Age |
| 11:32 | Queue | Villager (Male) |
| 11:35 | Queue | Villager (Male) |
| 11:37 | Queue | Villager (Male) |
| 12:25 | Build | Stable |
| 13:08 | Build | Stable |
| 13:15 | Queue | Villager (Male) |
| 13:16 | Queue | Villager (Male) |
| 13:40 | Build | House |
| 14:07 | Queue | Villager (Male) |
| 14:20 | Build | Farm |
| 14:33 | Build | House |
| 14:38 | Queue | Villager (Male) |
| 14:44 | Build | Farm |
| 15:03 | Build | Blacksmith |
| 15:06 | Queue | Villager (Male) |
| 15:07 | Queue | Villager (Male) |
| 15:17 | Build | Farm |
| 15:48 | Research | Castle Age |
| 15:58 | Build | Lumber Camp |
| 16:11 | Build | Lumber Camp |
| 16:20 | Research | Double-Bit Axe |
| 16:26 | Research | Horse Collar |
| 16:54 | Research | Arson |
| 17:17 | Build | House |
| 18:02 | Queue | Villager (Male) |
| 18:03 | Queue | Villager (Male) |
| 18:05 | Queue | Villager (Male) |
| 18:34 | Build | Stable |
| 18:36 | Age | Castle Age |
| 18:40 | Queue | Knight |
| 18:41 | Queue | Knight |
| 18:43 | Queue | Knight |
| 18:43 | Queue | Knight |
| 18:50 | Research | Squires |
| 19:02 | Build | Town Center |
| 19:28 | Queue | Villager (Male) |
| 19:29 | Queue | Villager (Male) |
| 19:30 | Queue | Villager (Male) |
| 19:49 | Research | Husbandry |
| 19:59 | Build | House |
| 20:04 | Build | House |
| 20:39 | Research | Bloodlines |
| 20:44 | Queue | Knight |
| 20:54 | Build | House |
| 20:55 | Build | House |
| 21:01 | Build | Barracks |
| 21:25 | Queue | Villager (Male) |
| 21:26 | Queue | Villager (Male) |
| 21:26 | Queue | Villager (Male) |
| 21:32 | Queue | Villager (Male) |
| 21:32 | Queue | Villager (Male) |
| 21:38 | Queue | Villager (Male) |
| 21:57 | Queue | Villager (Male) |
| 22:12 | Build | Castle |
| 22:17 | Queue | Villager (Male) |
| 22:19 | Queue | Villager (Male) |
| 22:19 | Queue | Villager (Male) |
| 22:52 | Queue | Villager (Male) |
| 23:05 | Build | Mill |
| 23:07 | Build | Farm |
| 23:07 | Build | Farm |
| 23:14 | Queue | Villager (Male) |
| 23:15 | Queue | Villager (Male) |
| 23:41 | Build | Farm |
| 23:45 | Build | Farm |
| 23:53 | Build | Farm |
| 24:01 | Queue | Knight |
| 24:02 | Queue | Knight |
| 24:02 | Queue | Knight |
| 24:03 | Queue | Knight |
| 24:19 | Build | Siege Workshop |
| 24:23 | Queue | Camel Scout |
| 24:32 | Queue | Villager (Male) |
| 24:33 | Queue | Villager (Male) |
| 24:38 | Queue | Villager (Male) |
| 24:58 | Queue | Camel Scout |
| 24:58 | Queue | Camel Scout |
| 25:01 | Queue | Gbeto |
| 25:02 | Queue | Gbeto |
| 25:09 | Queue | Villager (Male) |
| 25:15 | Queue | Villager (Male) |
| 25:23 | Build | Farm |
| 25:48 | Queue | Villager (Male) |
| 25:50 | Queue | Villager (Male) |
| 25:52 | Build | Farm |
| 25:55 | Build | Farm |
| 26:01 | Build | Farm |
| 26:06 | Build | Farm |
| 26:09 | Queue | Knight |
| 26:12 | Queue | Gbeto |
| 26:12 | Queue | Gbeto |
| 26:12 | Queue | Gbeto |
| 26:12 | Queue | Gbeto |
| 26:25 | Build | Town Center |
| 26:34 | Queue | Camel Scout |
| 26:37 | Queue | Gbeto |
| 26:42 | Queue | Camel Scout |
| 26:47 | Queue | Villager (Male) |
| 26:50 | Build | Farm |
| 27:01 | Build | Farm |
| 27:05 | Research | Heavy Plow |
| 27:11 | Queue | Gbeto |
| 27:12 | Queue | Gbeto |
Build order — phihanoi
First 150 of 290 actions detected
| 0:09 | Build | House |
| 0:12 | Build | House |
| 0:13 | Build | House |
| 0:19 | Research | Loom |
| 0:19 | Queue | Villager (Male) ×4 |
| 1:48 | Build | House |
| 2:56 | Queue | Villager (Male) |
| 2:56 | Queue | Villager (Male) |
| 3:37 | Queue | Villager (Male) ×2 |
| 3:37 | Queue | Villager (Male) ×2 |
| 4:38 | Queue | Villager (Male) |
| 4:39 | Queue | Villager (Male) |
| 5:11 | Queue | Villager (Male) ×3 |
| 5:12 | Queue | Villager (Male) ×3 |
| 5:12 | Queue | Villager (Male) ×3 |
| 6:13 | Build | Lumber Camp |
| 6:38 | Queue | Villager (Male) |
| 6:38 | Queue | Villager (Male) |
| 7:16 | Build | Mining Camp |
| 7:21 | Queue | Villager (Male) |
| 8:00 | Queue | Villager (Male) |
| 8:19 | Research | Feudal Age |
| 9:29 | Build | Lumber Camp |
| 9:44 | Build | Lumber Camp |
| 10:35 | Age | Feudal Age |
| 10:39 | Research | Wheelbarrow |
| 11:01 | Research | Double-Bit Axe |
| 11:02 | Research | Double-Bit Axe |
| 12:00 | Build | Mill |
| 12:12 | Queue | Villager (Male) |
| 12:12 | Queue | Villager (Male) |
| 12:31 | Build | Farm |
| 12:32 | Build | Farm |
| 12:33 | Build | Farm |
| 12:34 | Build | Farm |
| 12:36 | Build | Farm |
| 12:39 | Build | Farm |
| 12:46 | Build | House |
| 12:47 | Build | House |
| 13:19 | Queue | Villager (Male) |
| 13:20 | Queue | Villager (Male) |
| 13:33 | Build | House |
| 13:41 | Build | Farm |
| 13:43 | Research | Horse Collar |
| 14:08 | Build | Barracks |
| 14:20 | Queue | Villager (Male) |
| 14:20 | Queue | Villager (Male) |
| 14:24 | Build | Farm |
| 14:54 | Build | Farm |
| 15:15 | Build | Stone Wall |
| 15:18 | Build | Gate |
| 15:32 | Build | Gate |
| 15:37 | Queue | Villager (Male) |
| 15:37 | Queue | Villager (Male) |
| 16:08 | Build | Farm |
| 16:10 | Queue | Villager (Male) |
| 16:32 | Build | Farm |
| 16:45 | Build | Stone Wall |
| 16:51 | Build | Stone Wall |
| 16:55 | Build | Gate |
| 17:04 | Build | Farm |
| 17:06 | Queue | Villager (Male) |
| 17:06 | Queue | Villager (Male) |
| 17:32 | Build | Farm |
| 17:38 | Build | Farm |
| 18:03 | Queue | Villager (Male) |
| 18:08 | Build | Farm |
| 18:18 | Build | House |
| 18:19 | Build | House |
| 18:33 | Build | Farm |
| 18:35 | Queue | Villager (Male) |
| 18:56 | Build | Stable |
| 19:04 | Queue | Villager (Male) |
| 19:12 | Build | Farm |
| 19:41 | Queue | Villager (Male) |
| 19:49 | Build | Blacksmith |
| 20:12 | Queue | Villager (Male) |
| 20:26 | Build | Stone Wall |
| 20:30 | Build | Gate |
| 20:38 | Research | Castle Age |
| 20:42 | Build | House |
| 20:43 | Build | House |
| 20:45 | Build | House |
| 21:07 | Build | Lumber Camp |
| 21:57 | Build | Stone Wall |
| 22:01 | Build | Gate |
| 23:18 | Age | Castle Age |
| 23:30 | Build | Stone Wall |
| 23:42 | Build | Town Center |
| 23:49 | Research | Hand Cart |
| 23:49 | Research | Hand Cart |
| 23:58 | Build | Town Center |
| 24:09 | Build | House |
| 24:11 | Queue | Knight ×5 |
| 24:48 | Queue | Villager (Male) |
| 24:49 | Queue | Villager (Male) |
| 24:49 | Queue | Villager (Male) |
| 24:49 | Queue | Villager (Male) |
| 25:03 | Queue | Villager (Male) |
| 25:03 | Queue | Villager (Male) |
| 25:03 | Queue | Villager (Male) |
| 25:04 | Queue | Villager (Male) |
| 25:17 | Build | Siege Workshop |
| 26:23 | Queue | Villager (Male) |
| 26:23 | Queue | Villager (Male) |
| 26:23 | Queue | Villager (Male) |
| 26:24 | Queue | Villager (Male) |
| 26:24 | Queue | Villager (Male) |
| 26:29 | Queue | Villager (Male) |
| 26:29 | Queue | Villager (Male) |
| 26:33 | Queue | Villager (Male) |
| 26:33 | Queue | Villager (Male) |
| 26:33 | Queue | Villager (Male) |
| 26:35 | Research | Bow Saw |
| 27:09 | Build | House |
| 27:48 | Build | Stone Wall |
| 27:51 | Build | Gate |
| 27:56 | Queue | Villager (Male) |
| 27:57 | Queue | Villager (Male) |
| 27:57 | Queue | Villager (Male) |
| 28:36 | Queue | Mangonel |
| 28:42 | Queue | Villager (Male) |
| 28:42 | Queue | Villager (Male) |
| 30:20 | Queue | Villager (Male) |
| 30:20 | Queue | Villager (Male) |
| 30:21 | Queue | Villager (Male) |
| 30:55 | Build | Stone Wall |
| 31:17 | Build | Farm |
| 32:03 | Build | Market |
| 32:06 | Build | Monastery |
| 32:16 | Research | Heavy Plow |
| 32:16 | Research | Heavy Plow |
| 32:20 | Queue | Villager (Male) |
| 32:20 | Queue | Villager (Male) |
| 32:20 | Queue | Villager (Male) |
| 32:26 | Queue | Villager (Male) |
| 32:27 | Queue | Villager (Male) |
| 32:31 | Queue | Villager (Male) |
| 32:31 | Queue | Villager (Male) |
| 32:32 | Queue | Villager (Male) |
| 33:30 | Build | Castle |
| 33:47 | Research | Imperial Age |
| 33:47 | Research | Imperial Age |
| 34:05 | Queue | Scorpion |
| 34:05 | Queue | Scorpion |
| 34:05 | Queue | Scorpion |
| 34:06 | Queue | Scorpion |
| 34:06 | Queue | Scorpion |
| 34:06 | Queue | Scorpion |
| 34:18 | Build | Stone Wall |
Build order — Apple
First 150 of 551 actions detected
| 0:09 | Build | House |
| 0:10 | Build | House |
| 0:11 | Queue | Villager (Male) |
| 0:11 | Queue | Villager (Male) |
| 0:12 | Queue | Villager (Male) |
| 0:13 | Queue | Villager (Male) |
| 0:13 | Queue | Villager (Male) |
| 1:30 | Queue | Villager (Male) |
| 2:02 | Queue | Villager (Male) |
| 2:55 | Queue | Villager (Male) |
| 3:24 | Queue | Villager (Male) |
| 3:24 | Queue | Villager (Male) |
| 3:25 | Queue | Villager (Male) |
| 4:11 | Build | House |
| 4:30 | Queue | Villager (Male) |
| 4:48 | Queue | Villager (Male) |
| 5:13 | Build | Lumber Camp |
| 5:15 | Queue | Villager (Male) |
| 5:59 | Queue | Villager (Male) |
| 6:00 | Queue | Villager (Male) |
| 6:24 | Queue | Villager (Male) |
| 7:08 | Build | Mining Camp |
| 7:11 | Queue | Villager (Male) |
| 7:16 | Build | House |
| 7:22 | Build | House |
| 7:25 | Queue | Villager (Male) |
| 7:40 | Queue | Villager (Male) |
| 7:53 | Build | Mill |
| 8:03 | Build | Mill |
| 8:34 | Queue | Villager (Male) |
| 8:35 | Research | Feudal Age |
| 8:37 | Queue | Villager (Male) |
| 10:17 | Build | Donjon |
| 10:22 | Queue | Villager (Male) |
| 10:23 | Queue | Villager (Male) |
| 10:46 | Age | Feudal Age |
| 11:05 | Build | Lumber Camp |
| 11:26 | Research | Double-Bit Axe |
| 11:28 | Queue | Villager (Male) |
| 11:28 | Queue | Villager (Male) |
| 11:29 | Queue | Villager (Male) |
| 11:47 | Build | Farm |
| 11:55 | Build | Farm |
| 12:05 | Build | Farm |
| 12:15 | Build | Farm |
| 12:33 | Build | Farm |
| 12:37 | Queue | Villager (Male) |
| 12:45 | Research | Horse Collar |
| 13:00 | Queue | Villager (Male) |
| 13:01 | Queue | Villager (Male) |
| 13:07 | Build | Farm |
| 13:20 | Build | Barracks |
| 13:23 | Queue | Serjeant |
| 13:23 | Queue | Serjeant |
| 13:26 | Queue | Serjeant |
| 13:26 | Queue | Serjeant |
| 13:33 | Build | House |
| 13:35 | Build | House |
| 13:38 | Build | Farm |
| 13:52 | Queue | Villager (Male) |
| 14:14 | Build | House |
| 14:16 | Build | House |
| 14:17 | Build | House |
| 14:31 | Build | Mining Camp |
| 14:35 | Build | Farm |
| 14:59 | Build | Mining Camp |
| 15:03 | Build | Farm |
| 15:11 | Queue | Villager (Male) |
| 15:12 | Queue | Villager (Male) |
| 15:13 | Queue | Villager (Male) |
| 15:25 | Build | Farm |
| 16:11 | Build | Blacksmith |
| 16:23 | Build | Lumber Camp |
| 16:29 | Build | House |
| 16:45 | Queue | Serjeant |
| 16:46 | Queue | Serjeant |
| 16:46 | Queue | Serjeant |
| 16:47 | Queue | Serjeant |
| 16:54 | Queue | Villager (Male) |
| 16:54 | Queue | Villager (Male) |
| 16:54 | Queue | Villager (Male) |
| 16:55 | Queue | Villager (Male) |
| 17:05 | Queue | Villager (Male) |
| 17:40 | Research | Forging |
| 17:43 | Research | Scale Mail Armor |
| 17:52 | Queue | Villager (Male) |
| 17:58 | Build | Farm |
| 17:58 | Build | Farm |
| 17:58 | Build | Farm |
| 17:59 | Build | Farm |
| 19:38 | Queue | Villager (Male) |
| 19:39 | Queue | Villager (Male) |
| 19:40 | Queue | Villager (Male) |
| 19:40 | Queue | Villager (Male) |
| 19:41 | Queue | Villager (Male) |
| 19:42 | Queue | Villager (Male) |
| 19:42 | Queue | Villager (Male) |
| 19:42 | Queue | Villager (Male) |
| 20:10 | Build | Donjon |
| 20:45 | Queue | Villager (Male) |
| 21:30 | Queue | Serjeant |
| 21:30 | Queue | Serjeant |
| 21:31 | Queue | Serjeant |
| 21:31 | Queue | Serjeant |
| 21:31 | Queue | Serjeant |
| 21:32 | Queue | Serjeant |
| 21:32 | Queue | Serjeant |
| 21:32 | Queue | Serjeant |
| 21:32 | Queue | Serjeant |
| 22:25 | Build | Lumber Camp |
| 22:35 | Build | House |
| 22:36 | Build | House |
| 22:37 | Build | House |
| 22:38 | Build | House |
| 22:39 | Build | House |
| 22:40 | Build | House |
| 22:40 | Build | House |
| 22:55 | Build | Farm |
| 22:55 | Build | Farm |
| 22:55 | Build | Farm |
| 22:56 | Build | Farm |
| 23:02 | Build | Farm |
| 23:32 | Queue | Serjeant |
| 23:32 | Queue | Serjeant |
| 23:57 | Queue | Villager (Male) |
| 23:57 | Queue | Villager (Male) |
| 23:57 | Queue | Villager (Male) |
| 23:58 | Queue | Villager (Male) |
| 23:58 | Queue | Villager (Male) |
| 24:20 | Build | Market |
| 24:25 | Build | Lumber Camp |
| 25:04 | Queue | Serjeant |
| 25:05 | Queue | Serjeant |
| 25:05 | Queue | Serjeant |
| 25:14 | Research | Castle Age |
| 26:37 | Queue | Militia |
| 26:37 | Queue | Militia |
| 26:37 | Queue | Militia |
| 26:44 | Build | Archery Range |
| 26:46 | Build | Archery Range |
| 27:13 | Build | Donjon |
| 27:18 | Build | Donjon |
| 27:25 | Queue | Skirmisher |
| 27:25 | Queue | Skirmisher |
| 27:26 | Queue | Skirmisher |
| 27:26 | Queue | Skirmisher |
| 27:26 | Queue | Skirmisher |
| 27:27 | Queue | Skirmisher |
| 27:27 | Queue | Skirmisher |
| 27:27 | Queue | Skirmisher |
Build order — alancazu
103 actions detected in the replay
| 0:04 | Research | Loom |
| 0:04 | Queue | Villager (Male) |
| 0:04 | Queue | Villager (Male) |
| 0:05 | Queue | Villager (Male) |
| 0:05 | Queue | Villager (Male) |
| 0:12 | Build | House |
| 0:13 | Build | House |
| 0:41 | Build | Mill |
| 0:53 | Build | House |
| 2:09 | Queue | Villager (Male) |
| 2:14 | Queue | Villager (Male) |
| 2:48 | Queue | Villager (Male) |
| 3:02 | Queue | Villager (Male) |
| 3:32 | Queue | Villager (Male) |
| 3:56 | Queue | Villager (Male) |
| 4:17 | Queue | Villager (Male) |
| 4:49 | Queue | Villager (Male) |
| 4:49 | Queue | Villager (Male) |
| 5:02 | Queue | Villager (Male) |
| 5:30 | Build | Lumber Camp |
| 5:58 | Queue | Villager (Male) |
| 6:30 | Queue | Villager (Male) |
| 6:59 | Research | Feudal Age |
| 7:28 | Build | House |
| 7:37 | Queue | Villager (Male) |
| 7:47 | Build | House |
| 8:13 | Build | House |
| 8:19 | Build | House |
| 8:29 | Queue | Villager (Male) |
| 9:19 | Age | Feudal Age |
| 9:27 | Build | Blacksmith |
| 9:45 | Research | Double-Bit Axe |
| 9:49 | Research | Horse Collar |
| 9:58 | Queue | Villager (Male) |
| 10:02 | Build | Farm |
| 10:02 | Build | Farm |
| 10:03 | Build | Farm |
| 10:03 | Build | Farm |
| 10:03 | Build | Farm |
| 10:04 | Build | Farm |
| 10:08 | Queue | Villager (Male) |
| 10:17 | Build | Farm |
| 10:17 | Build | Farm |
| 10:17 | Build | Farm |
| 10:40 | Queue | Villager (Male) |
| 10:45 | Build | Farm |
| 10:45 | Build | Farm |
| 10:45 | Build | Farm |
| 10:46 | Build | Farm |
| 10:47 | Build | Farm |
| 11:06 | Queue | Villager (Male) |
| 11:34 | Queue | Villager (Male) |
| 11:41 | Build | Farm |
| 11:42 | Build | Farm |
| 11:44 | Build | Farm |
| 12:01 | Queue | Villager (Male) |
| 12:22 | Queue | Villager (Male) |
| 13:02 | Queue | Villager (Male) |
| 13:03 | Queue | Villager (Male) |
| 13:12 | Build | Market |
| 13:38 | Build | Farm |
| 13:39 | Build | Farm |
| 13:42 | Queue | Villager (Male) |
| 14:07 | Queue | Villager (Male) |
| 14:08 | Queue | Villager (Male) |
| 14:11 | Build | Mining Camp |
| 14:28 | Build | Dock |
| 15:28 | Build | Lumber Camp |
| 15:39 | Research | Castle Age |
| 15:39 | Research | Castle Age |
| 15:46 | Queue | Fishing Ship |
| 15:51 | Queue | Fishing Ship |
| 16:21 | Build | House |
| 16:23 | Build | House |
| 16:32 | Research | Stone Mining |
| 16:38 | Build | Fish Trap |
| 16:44 | Research | Tech 906 |
| 16:45 | Queue | Fishing Ship |
| 17:17 | Build | Fish Trap |
| 18:19 | Age | Castle Age |
| 18:19 | Build | Fish Trap |
| 18:22 | Queue | Villager (Male) |
| 18:22 | Queue | Villager (Male) |
| 18:23 | Queue | Villager (Male) |
| 18:23 | Queue | Villager (Male) |
| 18:30 | Build | Town Center |
| 18:33 | Queue | Villager (Male) |
| 18:33 | Queue | Villager (Male) |
| 19:21 | Queue | Villager (Male) |
| 19:21 | Queue | Villager (Male) |
| 19:22 | Queue | Villager (Male) |
| 19:23 | Queue | Villager (Male) |
| 19:23 | Queue | Villager (Male) |
| 19:42 | Build | Town Center |
| 19:50 | Queue | Villager (Male) |
| 19:50 | Queue | Villager (Male) |
| 19:51 | Queue | Villager (Male) |
| 20:15 | Queue | Villager (Male) |
| 20:16 | Queue | Villager (Male) |
| 20:50 | Queue | Villager (Male) |
| 20:50 | Queue | Villager (Male) |
| 20:51 | Queue | Villager (Male) |
| 20:51 | Queue | Villager (Male) |
Build order — vitavidal91
First 150 of 362 actions detected
| 0:02 | Queue | Villager (Male) |
| 0:02 | Queue | Villager (Male) |
| 0:08 | Build | House |
| 0:09 | Build | House |
| 0:47 | Queue | Villager (Male) |
| 1:15 | Queue | Villager (Male) |
| 1:42 | Queue | Villager (Male) |
| 2:06 | Queue | Villager (Male) |
| 2:37 | Queue | Villager (Male) |
| 2:59 | Queue | Villager (Male) |
| 3:36 | Queue | Villager (Male) |
| 4:01 | Queue | Villager (Male) |
| 4:31 | Queue | Villager (Male) |
| 4:48 | Build | House |
| 4:58 | Queue | Villager (Male) |
| 5:32 | Queue | Villager (Male) |
| 5:57 | Queue | Villager (Male) |
| 6:31 | Queue | Villager (Male) |
| 6:47 | Queue | Villager (Male) |
| 6:54 | Build | House |
| 7:02 | Build | Lumber Camp |
| 7:08 | Queue | Villager (Male) |
| 7:43 | Queue | Villager (Male) |
| 8:06 | Build | Mining Camp |
| 8:09 | Queue | Villager (Male) |
| 8:44 | Queue | Villager (Male) |
| 9:03 | Research | Feudal Age |
| 9:27 | Build | Mill |
| 9:37 | Build | House |
| 9:39 | Build | House |
| 10:09 | Build | Farm |
| 10:10 | Build | Farm |
| 10:12 | Build | Farm |
| 10:15 | Build | Farm |
| 10:28 | Build | Farm |
| 10:39 | Build | Farm |
| 10:56 | Build | Farm |
| 11:19 | Age | Feudal Age |
| 11:21 | Queue | Villager (Male) |
| 11:28 | Queue | Villager (Male) |
| 11:44 | Build | Farm |
| 11:47 | Build | Farm |
| 12:10 | Build | Blacksmith |
| 12:18 | Queue | Villager (Male) |
| 12:49 | Build | Market |
| 12:59 | Build | Market |
| 13:02 | Queue | Villager (Male) |
| 13:25 | Queue | Villager (Male) |
| 13:56 | Research | Castle Age |
| 14:03 | Research | Double-Bit Axe |
| 14:09 | Build | Lumber Camp |
| 14:28 | Research | Horse Collar |
| 14:36 | Build | Mining Camp |
| 15:20 | Research | Stone Mining |
| 16:19 | Queue | Villager (Male) |
| 16:36 | Age | Castle Age |
| 16:39 | Queue | Villager (Male) |
| 17:10 | Queue | Villager (Male) |
| 17:40 | Build | Monastery |
| 18:02 | Build | Town Center |
| 18:06 | Queue | Villager (Male) |
| 18:10 | Research | Loom |
| 18:42 | Queue | Villager (Male) |
| 18:57 | Build | House |
| 18:58 | Build | House |
| 19:06 | Build | House |
| 19:07 | Build | House |
| 19:08 | Build | House |
| 19:09 | Build | House |
| 19:11 | Build | House |
| 19:12 | Build | House |
| 19:14 | Research | Wheelbarrow |
| 19:22 | Build | Castle |
| 20:31 | Queue | Villager (Male) |
| 20:31 | Queue | Villager (Male) |
| 20:34 | Queue | Villager (Male) |
| 20:48 | Queue | Villager (Male) |
| 20:51 | Queue | Mangudai |
| 21:01 | Queue | Villager (Male) |
| 21:12 | Queue | Villager (Male) |
| 21:12 | Queue | Villager (Male) |
| 21:18 | Queue | Mangudai |
| 21:36 | Queue | Mangudai |
| 21:39 | Queue | Villager (Male) |
| 21:55 | Queue | Villager (Male) |
| 21:55 | Queue | Villager (Male) |
| 21:56 | Queue | Villager (Male) |
| 21:56 | Queue | Villager (Male) |
| 22:03 | Build | House |
| 22:03 | Build | House |
| 22:04 | Build | House |
| 22:04 | Build | House |
| 22:05 | Build | House |
| 22:05 | Build | House |
| 22:06 | Build | House |
| 22:06 | Build | House |
| 22:07 | Build | House |
| 22:42 | Build | Lumber Camp |
| 22:46 | Queue | Villager (Male) |
| 22:49 | Queue | Villager (Male) |
| 22:50 | Queue | Villager (Male) |
| 22:50 | Queue | Villager (Male) |
| 23:14 | Build | Farm |
| 23:16 | Build | Farm |
| 23:23 | Build | Farm |
| 23:35 | Build | Farm |
| 24:22 | Build | Castle |
| 24:30 | Queue | Villager (Male) |
| 24:30 | Queue | Villager (Male) |
| 24:31 | Queue | Villager (Male) |
| 24:31 | Queue | Villager (Male) |
| 24:32 | Queue | Villager (Male) |
| 24:32 | Queue | Villager (Male) |
| 24:33 | Queue | Villager (Male) |
| 24:34 | Queue | Mangudai |
| 24:36 | Queue | Mangudai |
| 24:43 | Research | Gold Mining |
| 25:20 | Queue | Villager (Male) |
| 25:21 | Queue | Villager (Male) |
| 25:26 | Queue | Mangudai |
| 25:27 | Queue | Mangudai |
| 25:35 | Build | Mill |
| 25:37 | Build | Farm |
| 25:37 | Build | Farm |
| 25:38 | Build | Farm |
| 25:38 | Build | Farm |
| 25:38 | Build | Farm |
| 25:39 | Build | Farm |
| 25:39 | Build | Farm |
| 25:45 | Queue | Villager (Male) |
| 26:01 | Queue | Mangudai |
| 26:13 | Queue | Villager (Male) |
| 26:17 | Build | Farm |
| 26:19 | Build | Farm |
| 26:20 | Build | Farm |
| 26:21 | Build | Farm |
| 26:25 | Build | Farm |
| 26:26 | Build | Farm |
| 26:28 | Build | Farm |
| 26:36 | Queue | Villager (Male) |
| 26:37 | Queue | Villager (Male) |
| 26:37 | Queue | Villager (Male) |
| 26:38 | Queue | Villager (Male) |
| 26:50 | Queue | Mangudai |
| 26:51 | Queue | Mangudai |
| 27:13 | Queue | Mangudai |
| 27:29 | Build | University |
| 27:33 | Queue | Villager (Male) |
| 27:35 | Queue | Villager (Male) |
| 27:36 | Queue | Villager (Male) |
Build order — BlackKnight_01
First 150 of 290 actions detected
| 0:03 | Queue | Villager (Male) |
| 0:03 | Queue | Villager (Male) |
| 0:04 | Queue | Villager (Male) |
| 0:04 | Queue | Villager (Male) |
| 0:04 | Queue | Villager (Male) |
| 0:10 | Build | House |
| 0:11 | Build | House |
| 0:12 | Build | House |
| 1:43 | Queue | Villager (Male) |
| 1:44 | Research | Loom |
| 2:36 | Queue | Villager (Male) |
| 3:09 | Queue | Villager (Male) |
| 3:26 | Queue | Villager (Male) |
| 3:48 | Queue | Villager (Male) |
| 4:12 | Queue | Villager (Male) |
| 4:24 | Queue | Villager (Male) |
| 4:56 | Queue | Villager (Male) |
| 5:20 | Build | Lumber Camp |
| 5:26 | Queue | Villager (Male) |
| 5:26 | Queue | Villager (Male) |
| 6:05 | Queue | Villager (Male) |
| 6:05 | Queue | Villager (Male) |
| 6:31 | Build | Mining Camp |
| 6:38 | Build | Mining Camp |
| 6:44 | Queue | Villager (Male) |
| 6:44 | Queue | Villager (Male) |
| 7:35 | Build | House |
| 7:45 | Build | House |
| 7:46 | Build | House |
| 7:47 | Build | House |
| 8:01 | Queue | Villager (Male) |
| 9:06 | Queue | Villager (Male) |
| 9:06 | Queue | Villager (Male) |
| 10:21 | Queue | Villager (Male) |
| 10:22 | Queue | Villager (Male) |
| 10:22 | Queue | Villager (Male) |
| 11:10 | Queue | Villager (Male) |
| 11:11 | Queue | Villager (Male) |
| 11:40 | Build | Mill |
| 12:00 | Research | Feudal Age |
| 12:47 | Build | Farm |
| 12:49 | Build | Farm |
| 12:50 | Build | Farm |
| 12:52 | Build | Farm |
| 12:53 | Build | Farm |
| 12:54 | Build | Farm |
| 12:55 | Build | Farm |
| 12:57 | Build | Farm |
| 13:40 | Build | Farm |
| 13:41 | Build | Farm |
| 13:43 | Build | Farm |
| 13:44 | Build | Farm |
| 13:46 | Build | Farm |
| 13:52 | Build | Farm |
| 13:53 | Build | Farm |
| 13:54 | Build | Farm |
| 14:36 | Age | Feudal Age |
| 14:42 | Research | Wheelbarrow |
| 14:50 | Queue | Villager (Male) |
| 14:51 | Queue | Villager (Male) |
| 14:51 | Queue | Villager (Male) |
| 14:57 | Research | Double-Bit Axe |
| 15:02 | Research | Gold Mining |
| 15:19 | Research | Stone Mining |
| 15:27 | Queue | Villager (Male) |
| 16:07 | Queue | Villager (Male) |
| 16:07 | Queue | Villager (Male) |
| 16:08 | Queue | Villager (Male) |
| 16:08 | Queue | Villager (Male) |
| 16:45 | Queue | Villager (Male) |
| 16:45 | Queue | Villager (Male) |
| 16:45 | Queue | Villager (Male) |
| 18:54 | Build | Blacksmith |
| 19:07 | Build | Barracks |
| 19:15 | Build | House |
| 19:16 | Build | House |
| 19:17 | Build | House |
| 19:19 | Build | House |
| 19:36 | Build | Lumber Camp |
| 19:53 | Queue | Villager (Male) |
| 19:53 | Queue | Villager (Male) |
| 20:08 | Research | Fletching |
| 20:09 | Research | Forging |
| 20:41 | Build | Stable |
| 20:52 | Queue | Villager (Male) |
| 21:33 | Research | Castle Age |
| 21:40 | Build | Farm |
| 21:41 | Build | Farm |
| 21:52 | Build | Farm |
| 22:01 | Research | Scale Barding Armor |
| 23:11 | Build | Farm |
| 23:17 | Build | Farm |
| 24:31 | Age | Castle Age |
| 24:33 | Research | Hand Cart |
| 24:34 | Queue | Villager (Male) |
| 24:35 | Queue | Villager (Male) |
| 24:35 | Queue | Villager (Male) |
| 24:40 | Research | Bow Saw |
| 24:44 | Research | Gold Shaft Mining |
| 24:48 | Research | Bodkin Arrow |
| 24:48 | Research | Chain Barding Armor |
| 24:50 | Research | Iron Casting |
| 24:53 | Queue | Knight |
| 24:53 | Queue | Knight |
| 24:54 | Queue | Knight |
| 24:54 | Queue | Knight |
| 24:54 | Queue | Knight |
| 25:40 | Build | Town Center |
| 25:52 | Build | Castle |
| 26:14 | Queue | Knight |
| 26:14 | Queue | Knight |
| 26:14 | Queue | Knight |
| 26:16 | Research | Husbandry |
| 28:19 | Build | Stone Wall |
| 28:58 | Build | Farm |
| 29:06 | Queue | Villager (Male) |
| 29:06 | Queue | Villager (Male) |
| 29:07 | Queue | Villager (Male) |
| 29:44 | Queue | Knight |
| 29:44 | Queue | Knight |
| 29:45 | Queue | Knight |
| 29:45 | Queue | Knight |
| 29:54 | Queue | Villager (Male) |
| 29:55 | Queue | Villager (Male) |
| 30:37 | Queue | Villager (Male) |
| 30:37 | Queue | Villager (Male) |
| 30:37 | Queue | Villager (Male) |
| 30:38 | Queue | Villager (Male) |
| 31:02 | Build | Farm |
| 31:03 | Build | Farm |
| 31:06 | Build | Farm |
| 31:17 | Queue | Villager (Male) |
| 31:17 | Queue | Villager (Male) |
| 31:35 | Research | Imperial Age |
| 31:42 | Queue | Villager (Male) |
| 31:42 | Queue | Villager (Male) |
| 32:46 | Build | Stable |
| 32:48 | Build | Stable |
| 32:50 | Build | Stable |
| 32:53 | Build | Stable |
| 32:55 | Build | Stable |
| 32:56 | Build | Stable |
| 33:15 | Queue | Villager (Male) |
| 33:16 | Queue | Villager (Male) |
| 33:16 | Queue | Villager (Male) |
| 33:16 | Queue | Villager (Male) |
| 33:28 | Queue | Villager (Male) |
| 33:29 | Queue | Villager (Male) |
| 33:29 | Queue | Villager (Male) |
| 33:29 | Queue | Villager (Male) |
Build order — LeonGamer7u7
First 150 of 283 actions detected
| 0:02 | Queue | Villager (Male) ×4 |
| 0:05 | Build | House |
| 0:06 | Build | House |
| 1:25 | Queue | Villager (Male) |
| 1:26 | Queue | Villager (Male) |
| 1:53 | Queue | Villager (Male) |
| 1:53 | Queue | Villager (Male) |
| 2:21 | Queue | Villager (Male) |
| 2:39 | Queue | Villager (Male) |
| 2:39 | Queue | Villager (Male) |
| 3:19 | Queue | Villager (Male) |
| 3:20 | Queue | Villager (Male) |
| 3:20 | Queue | Villager (Male) |
| 3:27 | Build | House |
| 3:28 | Build | House |
| 3:39 | Build | Lumber Camp |
| 4:07 | Queue | Villager (Male) |
| 4:16 | Queue | Villager (Male) |
| 4:16 | Queue | Villager (Male) |
| 4:19 | Build | House |
| 4:21 | Build | House |
| 4:49 | Queue | Villager (Male) |
| 4:50 | Queue | Villager (Male) |
| 5:17 | Queue | Villager (Male) |
| 5:44 | Queue | Villager (Male) |
| 5:45 | Queue | Villager (Male) |
| 6:12 | Queue | Villager (Male) ×3 |
| 7:12 | Build | Mill |
| 7:16 | Queue | Villager (Male) |
| 7:47 | Queue | Villager (Male) |
| 7:47 | Research | Loom |
| 8:09 | Build | Mining Camp |
| 8:45 | Queue | Villager (Male) |
| 9:09 | Queue | Villager (Male) |
| 9:28 | Research | Feudal Age |
| 9:43 | Build | House |
| 9:44 | Build | House |
| 10:53 | Build | House |
| 11:04 | Build | House |
| 11:35 | Queue | Villager (Male) |
| 11:48 | Age | Feudal Age |
| 11:49 | Research | Horse Collar |
| 11:50 | Research | Double-Bit Axe |
| 12:05 | Build | Blacksmith |
| 12:16 | Queue | Villager (Male) ×5 |
| 12:25 | Build | Farm |
| 12:26 | Build | Farm |
| 12:27 | Build | Farm |
| 12:27 | Build | Farm |
| 12:29 | Build | Farm |
| 12:30 | Build | Farm |
| 12:32 | Build | Farm |
| 12:34 | Build | Farm |
| 12:58 | Build | Barracks |
| 13:11 | Build | Farm |
| 13:12 | Build | Farm |
| 13:14 | Build | Farm |
| 13:18 | Build | Farm |
| 13:32 | Build | House |
| 13:34 | Build | House |
| 13:59 | Build | Farm |
| 14:08 | Queue | Villager (Male) |
| 14:26 | Build | Mining Camp |
| 14:30 | Queue | Villager (Male) |
| 14:34 | Build | House |
| 14:35 | Build | House |
| 15:02 | Queue | Villager (Male) |
| 15:12 | Build | Archery Range |
| 15:17 | Build | Farm |
| 15:24 | Queue | Villager (Male) |
| 15:52 | Build | Archery Range |
| 15:57 | Queue | Villager (Male) |
| 16:33 | Queue | Villager (Male) |
| 16:33 | Queue | Villager (Male) |
| 17:09 | Build | House |
| 17:11 | Research | Castle Age |
| 17:15 | Build | House |
| 17:16 | Build | House |
| 17:27 | Research | Stone Mining |
| 18:06 | Research | Wheelbarrow |
| 19:06 | Research | Gold Mining |
| 20:03 | Age | Castle Age |
| 20:05 | Build | Town Center |
| 20:10 | Research | Heavy Plow |
| 20:13 | Research | Bow Saw |
| 20:21 | Queue | Unit 1911 ×4 |
| 20:40 | Research | Town Watch |
| 20:48 | Queue | Villager (Male) |
| 20:58 | Queue | Villager (Male) |
| 21:32 | Queue | Villager (Male) |
| 21:34 | Queue | Villager (Male) |
| 22:10 | Queue | Villager (Male) |
| 22:10 | Queue | Villager (Male) |
| 22:11 | Queue | Villager (Male) |
| 22:11 | Queue | Villager (Male) |
| 22:18 | Build | Siege Workshop |
| 22:23 | Build | Lumber Camp |
| 22:31 | Queue | Unit 1911 ×3 |
| 22:44 | Queue | Battering Ram |
| 22:44 | Queue | Battering Ram |
| 23:02 | Queue | Villager (Male) |
| 23:02 | Queue | Villager (Male) |
| 23:05 | Queue | Villager (Male) |
| 23:10 | Queue | Unit 1911 |
| 23:33 | Build | Castle |
| 23:46 | Build | Lumber Camp |
| 23:50 | Queue | Villager (Male) |
| 23:51 | Queue | Villager (Male) |
| 23:52 | Queue | Villager (Male) |
| 23:54 | Queue | Unit 1911 ×2 |
| 23:58 | Queue | Battering Ram |
| 24:26 | Queue | Villager (Male) |
| 24:29 | Queue | Villager (Male) |
| 24:29 | Queue | Villager (Male) |
| 24:56 | Queue | Fire Lancer |
| 24:56 | Queue | Fire Lancer |
| 25:00 | Queue | Unit 1911 ×4 |
| 25:19 | Queue | Villager (Male) |
| 25:21 | Queue | Villager (Male) |
| 25:32 | Build | Town Center |
| 25:40 | Queue | Villager (Male) |
| 25:59 | Queue | Villager (Male) |
| 25:59 | Queue | Villager (Male) |
| 26:24 | Queue | Villager (Male) |
| 26:24 | Queue | Villager (Male) |
| 26:26 | Queue | Villager (Male) |
| 26:44 | Queue | Villager (Male) |
| 26:44 | Queue | Villager (Male) |
| 27:16 | Queue | Villager (Male) |
| 27:17 | Queue | Villager (Male) |
| 27:33 | Queue | Villager (Male) |
| 27:35 | Queue | Villager (Male) |
| 27:44 | Build | Farm |
| 27:47 | Queue | Villager (Male) |
| 28:01 | Build | Castle |
| 28:06 | Queue | Villager (Male) |
| 28:10 | Build | Farm |
| 28:11 | Queue | Villager (Male) |
| 28:23 | Build | Farm |
| 28:27 | Queue | Villager (Male) |
| 28:36 | Queue | Villager (Male) |
| 28:44 | Build | Farm |
| 28:49 | Build | Farm |
| 28:55 | Queue | Battering Ram |
| 28:55 | Queue | Battering Ram |
| 29:00 | Build | Farm |
| 29:07 | Build | Farm |
| 29:22 | Queue | Villager (Male) ×5 |
| 29:29 | Build | Siege Workshop |
| 29:37 | Build | Farm |
Build order — GuilleLeopold17
First 150 of 566 actions detected
| 0:02 | Queue | Villager (Male) |
| 0:02 | Queue | Villager (Male) |
| 0:02 | Queue | Villager (Male) |
| 0:03 | Queue | Villager (Male) |
| 0:06 | Build | House |
| 0:07 | Build | House |
| 1:30 | Queue | Villager (Male) |
| 1:30 | Queue | Villager (Male) |
| 2:04 | Queue | Villager (Male) |
| 2:05 | Queue | Villager (Male) |
| 2:45 | Queue | Villager (Male) ×2 |
| 2:45 | Queue | Villager (Male) ×2 |
| 3:19 | Build | Lumber Camp |
| 3:34 | Queue | Villager (Male) |
| 3:34 | Queue | Villager (Male) |
| 3:35 | Queue | Villager (Male) |
| 3:43 | Build | House |
| 3:44 | Build | House |
| 4:03 | Queue | Villager (Male) |
| 4:03 | Queue | Villager (Male) |
| 4:31 | Queue | Villager (Male) |
| 4:31 | Queue | Villager (Male) |
| 4:31 | Queue | Villager (Male) |
| 4:33 | Queue | Villager (Male) |
| 6:02 | Queue | Villager (Male) |
| 6:16 | Build | Mill |
| 6:56 | Research | Feudal Age |
| 8:03 | Build | Barracks |
| 8:14 | Queue | Villager (Male) |
| 8:14 | Queue | Villager (Male) |
| 8:14 | Queue | Villager (Male) |
| 8:14 | Queue | Villager (Male) |
| 8:15 | Queue | Villager (Male) |
| 8:15 | Queue | Villager (Male) |
| 9:06 | Age | Feudal Age |
| 9:17 | Build | Archery Range |
| 9:31 | Build | Blacksmith |
| 9:36 | Queue | Villager (Male) |
| 9:46 | Build | Mining Camp |
| 10:12 | Build | Farm |
| 10:12 | Build | Farm |
| 10:13 | Build | Farm |
| 10:13 | Build | Farm |
| 10:14 | Build | Farm |
| 10:16 | Build | Farm |
| 10:16 | Build | Farm |
| 10:17 | Build | Farm |
| 10:17 | Build | Farm |
| 10:17 | Build | Farm |
| 10:18 | Build | Farm |
| 10:19 | Build | Farm |
| 10:19 | Build | Farm |
| 10:20 | Build | Farm |
| 10:20 | Build | Farm |
| 10:21 | Build | Farm |
| 10:21 | Build | Farm |
| 10:22 | Build | Farm |
| 10:22 | Build | Farm |
| 10:23 | Build | Farm |
| 10:24 | Build | Farm |
| 10:24 | Build | Farm |
| 10:25 | Build | Farm |
| 10:25 | Build | Farm |
| 10:25 | Build | Farm |
| 10:26 | Build | Farm |
| 10:26 | Build | Farm |
| 10:48 | Build | Farm |
| 10:48 | Build | Farm |
| 10:48 | Build | Farm |
| 10:49 | Build | Farm |
| 10:49 | Build | Farm |
| 10:51 | Build | Farm |
| 10:51 | Build | Farm |
| 10:51 | Build | Farm |
| 10:51 | Build | Farm |
| 10:51 | Build | Farm |
| 10:51 | Build | Farm |
| 10:58 | Build | House |
| 10:58 | Build | House |
| 11:05 | Queue | Villager (Male) |
| 11:05 | Queue | Villager (Male) |
| 11:18 | Build | Farm |
| 11:18 | Build | Farm |
| 11:18 | Build | Farm |
| 11:19 | Build | Farm |
| 11:19 | Build | Farm |
| 11:32 | Research | Double-Bit Axe |
| 11:48 | Queue | Villager (Male) |
| 11:48 | Queue | Villager (Male) |
| 11:57 | Build | Farm |
| 11:57 | Build | Farm |
| 11:58 | Build | Farm |
| 11:59 | Build | Farm |
| 11:59 | Build | Farm |
| 12:00 | Build | Farm |
| 12:00 | Build | Farm |
| 12:01 | Build | Farm |
| 12:01 | Build | Farm |
| 12:02 | Build | Farm |
| 12:02 | Build | Farm |
| 12:02 | Build | Farm |
| 12:02 | Build | Farm |
| 12:03 | Build | Farm |
| 12:03 | Build | Farm |
| 12:03 | Build | Farm |
| 12:04 | Build | Farm |
| 12:04 | Build | Farm |
| 12:04 | Build | Farm |
| 12:05 | Build | Farm |
| 12:05 | Build | Farm |
| 12:05 | Build | Farm |
| 12:06 | Build | Farm |
| 12:06 | Build | Farm |
| 12:06 | Build | Farm |
| 12:07 | Build | Farm |
| 12:07 | Build | Farm |
| 12:07 | Build | Farm |
| 12:08 | Build | Farm |
| 12:08 | Build | Farm |
| 12:08 | Build | Farm |
| 12:08 | Build | Farm |
| 12:09 | Build | Farm |
| 12:09 | Build | Farm |
| 12:09 | Build | Farm |
| 12:10 | Build | Farm |
| 12:10 | Build | Farm |
| 12:10 | Build | Farm |
| 12:11 | Build | Farm |
| 12:11 | Build | Farm |
| 12:11 | Build | Farm |
| 12:12 | Build | Farm |
| 12:12 | Build | Farm |
| 12:12 | Build | Farm |
| 12:13 | Build | Farm |
| 12:13 | Build | Farm |
| 12:13 | Build | Farm |
| 12:13 | Build | Farm |
| 12:14 | Build | Farm |
| 12:14 | Build | Farm |
| 12:14 | Build | Farm |
| 12:15 | Build | Farm |
| 12:15 | Build | Farm |
| 12:15 | Build | Farm |
| 12:16 | Build | Farm |
| 12:39 | Build | Dock |
| 12:50 | Build | Farm |
| 12:51 | Build | Farm |
| 12:51 | Build | Farm |
| 12:51 | Build | Farm |
| 12:51 | Build | Farm |
Match timeline
| 8:03 | GuilleLeopold17 · first_building Barracks |
| 9:06 | GuilleLeopold17 · age_up feudal |
| 9:17 | GuilleLeopold17 · first_building Archery Range |
| 9:19 | alancazu · age_up feudal |
| 10:17 | Apple · first_building Donjon |
| 10:35 | phihanoi · age_up feudal |
| 10:46 | Apple · age_up feudal |
| 11:19 | vitavidal91 · age_up feudal |
| 11:22 | felipegarcia92 · first_building Barracks |
| 11:30 | felipegarcia92 · age_up feudal |
| 11:48 | LeonGamer7u7 · age_up feudal |
| 12:25 | felipegarcia92 · first_building Stable |
| 12:39 | GuilleLeopold17 · first_building Dock |
| 12:58 | LeonGamer7u7 · first_building Barracks |
| 13:20 | Apple · first_building Barracks |
| 14:02 | GuilleLeopold17 · wall_segment Stone Wall x1 |
| 14:08 | GuilleLeopold17 · wall_segment Stone Wall x4 |
| 14:08 | phihanoi · first_building Barracks |
| 14:28 | alancazu · first_building Dock |
| 14:36 | BlackKnight_01 · age_up feudal |
| 15:11 | alancazu · first_market_sell 100 wood |
| 15:12 | LeonGamer7u7 · first_building Archery Range |
| 15:15 | phihanoi · wall_segment Stone Wall x13 |
| 16:36 | vitavidal91 · age_up castle |
| 16:45 | phihanoi · wall_segment Stone Wall x13 |
| 16:51 | phihanoi · wall_segment Stone Wall x29 |
| 17:40 | vitavidal91 · first_building Monastery |
| 18:19 | alancazu · age_up castle |
| 18:36 | felipegarcia92 · age_up castle |
| 18:56 | phihanoi · first_building Stable |
| 19:07 | BlackKnight_01 · first_building Barracks |
| 19:22 | vitavidal91 · first_building Castle |
| 20:03 | LeonGamer7u7 · age_up castle |
| 20:26 | phihanoi · wall_segment Stone Wall x10 |
| 20:37 | GuilleLeopold17 · age_up castle |
| 20:41 | BlackKnight_01 · first_building Stable |
| 21:08 | alancazu · resign |
| 21:10 | GuilleLeopold17 · first_building Siege Workshop |
| 21:57 | phihanoi · wall_segment Stone Wall x4 |
| 22:12 | felipegarcia92 · first_building Castle |
| 22:18 | LeonGamer7u7 · first_building Siege Workshop |
| 23:18 | phihanoi · age_up castle |
| 23:30 | phihanoi · wall_segment Stone Wall x8 |
| 23:33 | LeonGamer7u7 · first_building Castle |
| 24:19 | felipegarcia92 · first_building Siege Workshop |
| 24:31 | BlackKnight_01 · age_up castle |
| 25:10 | Apple · first_market_buy 100 food |
| 25:17 | phihanoi · first_building Siege Workshop |
| 25:52 | BlackKnight_01 · first_building Castle |
| 26:44 | Apple · first_building Archery Range |
| 27:48 | phihanoi · wall_segment Stone Wall x24 |
| 27:55 | Apple · age_up castle |
| 28:19 | BlackKnight_01 · wall_segment Stone Wall x3 |
| 29:23 | vitavidal91 · first_market_sell 100 food |
| 29:48 | Apple · first_building Monastery |
| 30:22 | vitavidal91 · first_building Barracks |
| 30:55 | phihanoi · wall_segment Stone Wall x15 |
| 32:05 | vitavidal91 · first_building Archery Range |
| 32:06 | phihanoi · first_building Monastery |
| 32:10 | vitavidal91 · first_building Stable |
| 33:02 | LeonGamer7u7 · wall_segment Stone Wall x4 |
| 33:30 | phihanoi · first_building Castle |
| 33:45 | GuilleLeopold17 · first_building Castle |
| 33:56 | Apple · first_building Castle |
| 34:18 | phihanoi · wall_segment Stone Wall x8 |
| 35:16 | GuilleLeopold17 · first_building Stable |
| 35:17 | BlackKnight_01 · age_up imperial |
| 36:52 | GuilleLeopold17 · first_market_sell 500 stone |
| 36:57 | GuilleLeopold17 · first_market_buy 100 food |
| 36:57 | phihanoi · age_up imperial |
| 37:07 | phihanoi · wall_segment Stone Wall x9 |
| 37:30 | phihanoi · wall_segment Stone Wall x22 |
| 38:29 | LeonGamer7u7 · age_up imperial |
| 38:49 | Apple · age_up imperial |
| 38:54 | vitavidal91 · age_up imperial |
| 39:01 | felipegarcia92 · wall_segment Stone Wall x6 |
| 39:19 | Apple · first_market_sell 100 wood |
| 40:19 | phihanoi · wall_segment Stone Wall x6 |
| 40:45 | phihanoi · wall_segment Stone Wall x3 |
| 40:50 | felipegarcia92 · age_up imperial |
| 41:17 | phihanoi · wall_segment Stone Wall x5 |
| 41:46 | phihanoi · wall_segment Stone Wall x3 |
| 42:14 | phihanoi · first_market_buy 100 wood |
| 42:47 | phihanoi · wall_segment Stone Wall x1 |
| 42:47 | GuilleLeopold17 · tribute_sent a jugador 1 |
| 42:47 | GuilleLeopold17 · tribute_sent a jugador 2 |
| 42:47 | GuilleLeopold17 · tribute_sent a jugador 3 |
| 42:47 | GuilleLeopold17 · tribute_sent a jugador 4 |
| 42:48 | GuilleLeopold17 · tribute_sent a jugador 5 |
| 42:48 | GuilleLeopold17 · tribute_sent a jugador 6 |
| 42:48 | GuilleLeopold17 · tribute_sent a jugador 7 |
| 43:56 | GuilleLeopold17 · age_up imperial |
| 44:36 | Apple · first_building Siege Workshop |
| 48:09 | LeonGamer7u7 · first_building Stable |
| 48:20 | felipegarcia92 · first_building Monastery |
| 48:21 | phihanoi · wall_segment Stone Wall x1 |
| 50:47 | phihanoi · wall_segment Stone Wall x1 |
| 50:48 | phihanoi · wall_segment Stone Wall x1 |
| 50:50 | phihanoi · wall_segment Stone Wall x1 |
| 50:52 | phihanoi · wall_segment Stone Wall x2 |
| 52:09 | phihanoi · first_building Archery Range |
| 52:19 | phihanoi · first_market_sell 100 wood |
[ AI ANALYSIS · 1 CREDIT ]
What really happened in this match?
Wolo.gg analyzes every decision: build order, eco, micro, common mistakes by bracket. Personalized analysis on WhatsApp or Discord in 30 seconds.
Civ guide
Malians
Perfil
Jugador #2549294